 Dungeon Crawl Stone Soup version 0.20.0-6-gd3061e9 (webtiles) character file.

1556 greprep the Protected (level 8, 0/67 HPs)
             Began as a Minotaur Fighter on May 28, 2017.
             Was an Initiate of Qazlal.
             Slain by Eustachio
             ... wielding a +2 rapier of draining
              (1 damage)
             ... on level 6 of the Dungeon.
             The game lasted 00:09:50 (6137 turns).

greprep the Protected (Minotaur Fighter)            Turns: 6137, Time: 00:09:51

Health: 0/67       AC: 13    Str: 22    XL:     8   Next: 58%
Magic:  7/7        EV:  7    Int:  5    God:    Qazlal [......]
Gold:   306        SH: 10    Dex: 11    Spells: 7/7 levels left

rFire    + . .     SeeInvis .   x - +4 falchion
rCold    . . .     Gourm    .   c - +0 shield
rNeg     . . .     Faith    .   y - +2 chain mail of Greed {-Cast MR++ rCorr}
rPois    .         Spirit   .   (helmet restricted)
rElec    .         Reflect  .   o - +0 cloak
rCorr    +         Harm     .   (no gloves)
MR       ++...     NoCast   +   (no boots)
Stlth    ..........             (no amulet)
Regen    0.3/turn               g - ring of protection from fire
MPRegen  0.1/turn               (no ring)

@: hasted, heavily drained, very quick
A: retaliatory headbutt, horns 2
a: Renounce Religion


You were on level 6 of the Dungeon.
You worshipped Qazlal.
Qazlal was noncommittal.
You were not hungry.

You visited 2 branches of the dungeon, and saw 7 of its levels.

You collected 306 gold pieces.

Inventory:

Hand Weapons
 x - a +4 falchion (weapon)
Armour
 c - a +0 shield (worn)
 o - a +0 cloak (worn)
 y - the +2 chain mail of Greed (worn) {-Cast MR++ rCorr}
   (You found it on level 5 of the Dungeon)

   It affects your resistance to hostile enchantments.
   It prevents spellcasting.
   It protects you from acid and corrosion.
Jewellery
 g - a ring of protection from fire (left hand)
Scrolls
 i - a scroll of random uselessness {unknown}
 j - 5 scrolls of identify {unknown}
 l - 2 scrolls of remove curse {unknown}
 q - a scroll of teleportation {unknown}
 v - a scroll of enchant weapon {unknown}
 A - a scroll of fog {unknown}
Potions
 a - a potion of degeneration {unknown}
 d - 2 potions of might
 e - 2 potions of magic {unknown}
 h - a potion of invisibility {unknown}
 k - 2 potions of brilliance {unknown}
 m - 2 potions of curing {unknown}
 n - 3 potions of heal wounds {unknown}
 p - a potion of mutation {unknown}
 s - a potion of haste
 t - a potion of lignification {unknown}
 u - a potion of resistance {unknown}
 w - a potion of flight {unknown}
Books
 b - a book of Maledictions

   Spells                             Type                      Level
   a - Corona                         Hexes                        1
   b - Ensorcelled Hibernation        Hexes/Ice                    2
   c - Confuse                        Hexes                        3
   d - Tukima's Dance                 Hexes                        3
   e - Dazzling Spray                 Conjuration/Hexes            3
Comestibles
 f - 3 bread rations
 r - 3 meat rations


   Skills:
 + Level 4.9(2.4) Fighting
 + Level 5.3(2.8) Long Blades
   Level 0.8(0.0) Axes
 * Level 8.3(5.6) Armour
 * Level 4.5(2.1) Dodging
 * Level 7.8(5.1) Shields


You had 7 spell levels left.
You didn't know any spells.

Dungeon Overview and Level Annotations

Branches:
Dungeon (6/15)             Temple (1/1) D:5

Altars:
Cheibriados
Elyvilon
Fedhas
Gozag
Kikubaaqudgha
Makhleb
Nemelex Xobeh
Qazlal
Ru
Sif Muna
Xom
The Shining One

Annotations:
D:6 Eustachio


Innate Abilities, Weirdness & Mutations

You reflexively headbutt those who attack you in melee.
You have a pair of horns on your head.


Message History

Unknown command.
You hit Eustachio.
Eustachio is heavily wounded.
The quokka barely misses you. You furiously retaliate!
You headbutt the quokka!
You kill the quokka!
The quokka's corpse disappears in a puff of smoke!
The white imp gestures at you. The puff of frost hits you!
* * * LOW HITPOINT WARNING * * *
Eustachio zaps a wand.
The puff of flame hits you! You resist.
* * * LOW HITPOINT WARNING * * *
You feel yourself speed up. You block the quokka's attack.
The white imp hits you.
* * * LOW HITPOINT WARNING * * *
The white imp freezes you.
* * * LOW HITPOINT WARNING * * *
Eustachio hits you with a rapier of draining.
* * * LOW HITPOINT WARNING * * *
You feel drained.
You die...

.#.##.#####....>..............[..
.#....# #.###.#...#..........#.
####### #######.#.#.#.#.#....#.
.#... # ......#.#.......รท....#.
.#.##.##. #####.#.#...#.#.#.####.
.#.# .... ......#...#.......####'
.#.# ##..#######..##.#.#.#......
.#.# #..#....5#####............
#. #......Wr@@55.............
###..).#######...........
#......# ######...... #.#...W#
............ #.)...#....#
...#####.### #....####..#
.........# #.... #..# .#########
#.... #..# ....... #.... #...
...####


You could see Eustachio, a phantom, a quasit, a crimson imp, a white imp and a
quokka.

Vanquished Creatures
  A hippogriff (D:5)
  2 sky beasts
  An orc warrior (D:6)
  An ogre (D:5)
  A phantom (D:5)
  A bullfrog (D:6)
  The ghost of Apogee the Chopper, a weakling MiFi (D:3)
  A crimson imp (D:5)
  3 hounds
  2 orc priests (D:5)
  Crazy Yiuf (D:2)
  A centaur skeleton (D:5)
  4 iguanas
  Jessica (D:2)
  3 orc wizards
  6 worker ants
  Natasha (D:4)
  A hound skeleton (D:6)
  A worker ant zombie (D:5)
  5 adders
  A shadow imp (D:5)
  An ooze (D:3)
  An adder zombie (D:6)
  2 worms
  5 dart slugs
  5 leopard geckos
  13 orcs
  2 ball pythons
  4 giant cockroaches
  9 goblins
  5 hobgoblins
  7 jackals
  5 quokkas
  8 bats
  4 frilled lizards
  2 kobolds (D:3)
  2 quokka skeletons
  7 rats
121 creatures vanquished.

Notes
Turn   | Place    | Note
-------+----------+-------------------------------------------
     0 | D:1      | greprep the Minotaur Fighter began the quest for the Orb.
     0 | D:1      | Reached XP level 1. HP: 19/19 MP: 0/0
   167 | D:1      | Reached XP level 2. HP: 27/27 MP: 1/1
   223 | D:1      | Reached skill level 4 in Armour
   744 | D:2      | Reached skill level 1 in Dodging
   744 | D:2      | Reached XP level 3. HP: 29/33 MP: 2/2
  1090 | D:2      | Noticed Jessica
  1108 | D:2      | Killed Jessica
  1108 | D:2      | Reached XP level 4. HP: 26/40 MP: 3/3
  1556 | D:2      | Found a runed door.
  1592 | D:2      | Noticed Crazy Yiuf
  1600 | D:2      | Killed Crazy Yiuf
  1792 | D:3      | Reached skill level 5 in Armour
  1872 | D:3      | Reached XP level 5. HP: 41/46 MP: 4/4
  2178 | D:3      | Noticed Apogee's ghost (weakling MiFi)
  2187 | D:3      | Killed Apogee's ghost
  2187 | D:3      | Reached skill level 5 in Shields
  2316 | D:3      | Found a snail-covered altar of Cheibriados.
  2647 | D:3      | Reached XP level 6. HP: 50/52 MP: 5/5
  3704 | D:4      | Noticed Natasha
  3711 | D:4      | Killed Natasha
  3801 | D:5      | Entered Level 5 of the Dungeon
  3801 | D:5      | Found a staircase to the Ecumenical Temple.
  3820 | Temple   | Entered the Ecumenical Temple
  4241 | D:5      | Reached skill level 6 in Armour
  4241 | D:5      | Reached XP level 7. HP: 45/60 MP: 6/6
  4504 | D:5      | Noticed a hippogriff
  4511 | D:5      | Killed a hippogriff
  4666 | D:5      | Reached skill level 7 in Armour
  4676 | D:5      | Reached XP level 8. HP: 48/67 MP: 7/7
  5021 | D:5      | Got a translucent chain mail
  5032 | D:5      | Identified the +2 chain mail of Greed {-Cast MR++ rCorr} (You found it on level 5 of the Dungeon)
  5051 | D:5      | Found a stormy altar of Qazlal.
  5054 | D:5      | Became a worshipper of Qazlal Stormbringer
  5554 | D:6      | Reached skill level 5 in Long Blades
  5554 | D:6      | Reached skill level 8 in Armour
  6101 | D:6      | Noticed Eustachio
  6137 | D:6      | HP: 1/67 [Eustachio/rapier of draining (5)]
  6137 | D:6      | Slain by Eustachio

Skill      XL: |  1  2  3  4  5  6  7  8 |
---------------+-------------------------+-----
Armour         | 4 5 6 7 8 |  8.3
Shields        | 4 5 6 7 |  7.8
Dodging        | 1 2 3 4 |  4.5
Fighting       | 4 |  4.9
Long Blades    | 3 4 5 |  5.3
Axes           | |  0.8

Action                   |  1- 3 |  4- 6 |  7- 9 || total
-------------------------+-------+-------+-------++-------
Melee: Long sword        |    71 |    79 |       ||   150
       Headbutt          |     8 |    35 |    30 ||    73
       Hand axe          |       |    55 |       ||    55
       Falchion          |       |    48 |   167 ||   215
  Use: Potion            |       |       |     2 ||     2
  Eat: Chunk             |       |     6 |     1 ||     7
       Fruit             |       |     3 |       ||     3
       Bread ration      |       |     1 |     1 ||     2
Armor: Scale mail        |    27 |    73 |    31 ||   131
       Chain mail        |       |       |    62 ||    62
Dodge: Dodged            |    21 |    48 |    61 ||   130
Block: Shield            |    42 |    95 |   114 ||   251
       Rpst.: Long sword |     3 |     5 |       ||     8
       Falchion          |       |     5 |    16 ||    21
